 Dungeon Crawl Stone Soup version 0.21.1-1-g345015fe64 (webtiles) character file.

273 Khress the Skirmisher (level 6, -4/53 HPs)
             Began as a Hill Orc Fighter on Feb 18, 2018.
             Slain by a scorpion (6 damage)
             ... on level 4 of the Dungeon.
             The game lasted 00:10:37 (2466 turns).

Khress the Skirmisher (Hill Orc Fighter)            Turns: 2466, Time: 00:10:37

Health: -4/53      AC:  6    Str: 20    XL:     6   Next: 23%
Magic:  6/6        EV:  8    Int: 10    God:
Gold:   129        SH:  9    Dex: 11    Spells: 5/5 levels left

rFire    . . .     SeeInvis .   a - +0 long sword
rCold    . . .     Gourm    .   c - +0 shield
rNeg     . . .     Faith    .   e - +0 ring mail (curse)
rPois    .         Spirit   .   (no helmet)
rElec    .         Reflect  .   (no cloak)
rCorr    .         Harm     .   (no gloves)
MR       .....                  (no boots)
Stlth    +.........             (no amulet)
HPRegen  0.17/turn              u - +2 ring of intelligence
MPRegen  0.10/turn              (no ring)

@: about to teleport
A: no striking features
a: no special abilities


You were on level 4 of the Dungeon.
You were not hungry.

You visited 1 branch of the dungeon, and saw 4 of its levels.

You collected 129 gold pieces.

Inventory:

Hand Weapons
 a - a +0 long sword (weapon)
Missiles
 h - 110 stones (quivered)
 r - 35 arrows
 s - 10 bolts
Armour
 b - a +0 scale mail
 c - a +0 shield (worn)
 e - a cursed +0 ring mail (worn)
 n - a +0 ring mail
 t - a cursed +0 ring mail
 v - a +1 scale mail of fire resistance
Magical Staves
 p - an uncursed staff of death
Jewellery
 u - a +2 ring of intelligence (left hand)
Wands
 i - a wand of disintegration (6)
Scrolls
 j - a scroll of remove curse
 l - a scroll of immolation
 m - 2 scrolls of enchant weapon {unknown}
 q - a scroll of random uselessness {unknown}
 w - a scroll of blinking {unknown}
Potions
 k - a potion of degeneration
 o - a potion of flight
Comestibles
 f - 3 rations


   Skills:
 + Level 4.6 Fighting
 + Level 4.3 Long Blades
 + Level 0.7 Throwing
 + Level 4.4 Armour
 + Level 1.0 Dodging
 + Level 4.3 Shields


You had 5 spell levels left.
You didn't know any spells.

Dungeon Overview and Level Annotations

Branches:
Dungeon (4/15)
 Temple: D:4-7

Altars:


Message History

The hound bites you but does no damage. The hound bites you but does no damage.
You block the hound's attack.
You see here 28 bolts.
The hound closely misses you.
There is a stone staircase leading down here.
The hound bites you.
* * * LOW HITPOINT WARNING * * *
The hound barely misses you.
You riposte.
Your shield prevents you from hitting the hound.
You climb downwards. 3 jackals and a scorpion come into view.
The jackal barks! x2; You hear a bark!
Found 13 gold pieces and a quarterstaff.
There is a stone staircase leading up here.
As you read the scroll of teleportation, it crumbles to dust.
You feel strangely unstable. The hound bites you but does no damage.
A jackal and a skeleton come into view.
The scorpion stings you.
You die...

.... .. ..
.h##.###..
.h).....Z<
#h...$.... #.
#.#h......
#...###.........
................
#h@.......
#.....s........
#..............
#..............
#...###########
#... #.. #..


You could see a scorpion, a hound, 4 jackals and a ball python skeleton.

Vanquished Creatures
  The ghost of Faustar the Cudgeler, an amateur DsMo (D:3)
  Terence (D:2)
  Ijyb (D:2)
  2 adders (D:2)
  An ooze (D:2)
  2 worms (D:2)
  A dart slug (D:1)
  A leopard gecko (D:1)
  A ball python (D:2)
  3 giant cockroaches
  12 goblins
  2 hobgoblins (D:1)
  5 jackals (D:1)
  9 kobolds
  10 bats
  2 frilled lizards (D:2)
  7 rats
61 creatures vanquished.

Notes
Turn   | Place    | Note
-------+----------+-------------------------------------------
     0 | D:1      | Khress the Hill Orc Fighter began the quest for the Orb.
     0 | D:1      | Reached XP level 1. HP: 19/19 MP: 1/1
    53 | D:1      | Reached XP level 2. HP: 8/27 MP: 2/2
   391 | D:1      | Reached XP level 3. HP: 28/33 MP: 3/3
  1107 | D:2      | Reached XP level 4. HP: 40/40 MP: 4/4
  1218 | D:2      | Noticed Terence
  1236 | D:2      | Killed Terence
  1801 | D:3      | Noticed Ijyb
  1801 | D:3      | Noticed Faustar's ghost (amateur DsMo)
  1823 | D:2      | Reached XP level 5. HP: 21/47 MP: 5/5
  2019 | D:2      | Killed Ijyb
  2315 | D:3      | Killed Faustar's ghost
  2315 | D:3      | Reached skill level 1 in Dodging
  2315 | D:3      | Reached XP level 6. HP: 39/53 MP: 6/6
  2454 | D:3      | HP: 2/53 [gnoll/club (5)]
  2463 | D:3      | HP: 2/53 [hound (2)]
  2466 | D:4      | Slain by a scorpion

Skill      XL: |  1  2  3  4  5 |
---------------+----------------+-----
Fighting       | 4 |  4.6
Long Blades    | 3 4 |  4.3
Armour         | 4 |  4.4
Shields        | 4 |  4.3
Dodging        | 1 |  1.0
Throwing       | |  0.7

Action                   |  1- 3 |  4- 6 || total
-------------------------+-------+-------++-------
Melee: Long sword        |   140 |   108 ||   248
Throw: Stone             |       |    23 ||    23
  Use: Potion            |     1 |     2 ||     3
       Scroll            |       |     6 ||     6
  Eat: Chunk             |     1 |       ||     1
       Ration            |       |     2 ||     2
Armor: Scale mail        |    37 |       ||    37
       Ring mail         |    29 |    50 ||    79
Dodge: Dodged            |    55 |    42 ||    97
Block: Shield            |    75 |    69 ||   144
       Rpst.: Long sword |    21 |    16 ||    37
